AoeStats
← Křovák

Arena

508188106Analyzed
1v1 RM · 12d ago on Sep 21, 2026· 58m 43s· 2 players
Game mode
Random Map
Map size
Tiny (2 player)
Population
200
Speed
Normal
Resources
Standard
Victory
Conquest
Starting age
Dark Age
Ending age
Imperial Age
RankedLock teamsTeams togetherTeam positionsShared explorationLock speedFull tech treeHidden civsTurbo modeCheats
Victory
Defeat
🇨🇿 Byzantines · Czechia
856
+17
🇺🇸 Spanish · United States
868
-17
Křovák
8:52 Loom
11:23 Feudal Age
15:42 Castle Age
14:19 Double-Bit Axe
15:23 Horse Collar
24:06 Fletching
25:16 Bow Saw
29:58 Imperial Age
28:55 Elite Skirmisher
32:49 Chemistry
31:46 Murder Holes
32:59 Ballistics
39:13 Bodkin Arrow
43:47 Fortified Wall
43:44 Bracer
43:44 Padded Archer Armor
47:23 Gold Mining
47:23 Stone Mining
50:48 Leather Archer Armor
50:44 Forging
52:22 Two-Man Saw
58:24 Murder Holes
Jawad0325
7:24 Loom
10:48 Feudal Age
16:24 Castle Age
15:21 Town Watch
15:31 Fletching
15:43 Horse Collar
21:41 Murder Holes
28:07 Imperial Age
27:38 Ballistics
27:20 Bodkin Arrow
30:21 Chemistry
31:16 Bracer
33:24 Forging
33:20 Scale Barding Armor
37:17 Iron Casting
36:42 Padded Archer Armor
36:34 Double-Bit Axe
40:46 Chain Barding Armor
41:37 Blast Furnace
44:38 Plate Barding Armor
43:43 Pikeman
45:03 Squires
46:02 Elite Skirmisher
53:37 Man-at-Arms
55:55 Leather Archer Armor
56:03 Scale Mail Armor
57:12 Hoardings
Connection lost

Rejoining the realm…

Still unreachable

The connection could not be restored.

Session expired

The server has moved on; the page needs a fresh start.